 Dungeon Crawl Stone Soup version 0.29.1-1-gd02db6906a (webtiles) character file.

Game seed: 3549446353405026129

6 fireball365 the Digger (level 1, -1/14 HPs)
             Began as a Demigod Earth Elementalist on Oct 4, 2022.
             Slain by a hobgoblin (4 damage)
             ... on level 1 of the Dungeon.
             The game lasted 00:04:18 (338 turns).

fireball365 the Digger (Demigod Earth Elementalist)  Turns: 338, Time: 00:04:19

Health: -1/14      AC:  9    Str:  9    XL:     1   Next: 60%
Magic:  2/5        EV:  3    Int: 17    God:
Gold:   8          SH:  0    Dex: 14    Spells: 3/4 levels left

rFire   . . .      SeeInvis .   (no weapon)
rCold   . . .      Faith    .   (no shield)
rNeg    . . .      Spirit   .   i - +1 chain mail
rPois   .          Reflect  .   (no helmet)
rElec   .          Harm     .   (no cloak)
rCorr   .          Rampage  .   (no gloves)
Will    .....                   (no boots)
Stlth   ..........              (no amulet)
HPRegen 0.04/turn               j - ring of wizardry
MPRegen 0.09/turn               (no ring)

@: slightly contaminated
A: high MP 1, forlorn, divine attributes
a: no special abilities


You were on level 1 of the Dungeon.
You visited 1 branch of the dungeon, and saw 1 of its levels.

You collected 8 gold pieces.

Inventory:

Hand Weapons
 l - a +0 dagger
Missiles
 d - 7 stones (quivered)
Armour
 a - a +0 robe
 i - a +1 chain mail (worn)
Jewellery
 j - a ring of wizardry (left hand)
Scrolls
 f - a scroll of torment {unknown}
 h - 2 scrolls of fog {unknown}
Potions
 e - a potion of ambrosia {unknown}
 g - a potion of brilliance {unknown}
 k - a potion of resistance {unknown}
 m - a potion of lignification {unknown}


   Skills:
 + Level 1.7 Dodging
 + Level 1.7 Stealth
 + Level 2.0 Spellcasting
 + Level 0.8 Transmutations
 + Level 2.9 Earth Magic


You had 3 spell levels left.
You knew the following spells:

 Your Spells              Type           Power      Damage    Failure   Level
a - Sandblast             Erth           22%        2d7       95%         1

Your spell library contained the following spells:

 Spells                   Type           Power      Damage    Failure   Level
 Passwall                 Tmut/Erth      6%         N/A       99%         2
 Stone Arrow              Conj/Erth      12%        3d7       100%        3
 Petrify                  Tmut/Erth      8%         N/A       100%        4


Dungeon Overview and Level Annotations

Branches:
Dungeon (1/15)


Innate Abilities, Weirdness & Mutations

You have an increased reservoir of magic. (+10% MP)
You shall have no god before yourself.
Your divine heritage dramatically boosts your attributes as you level up.


Message History

You miscast Sandblast.
Nothing appears to happen.
The hobgoblin hits you.
You are too injured to fight recklessly!
The hobgoblin hits you but does no damage.
Found 9 gold pieces.
The hobgoblin hits you but does no damage.
The hobgoblin attacks as you move away!
The hobgoblin hits you but does no damage.
You see here 9 gold pieces.
Really attack while wielding nothing?
You hit the hobgoblin but do no damage.
The hobgoblin hits you but does no damage.
The hobgoblin hits you but does no damage.
You barely miss the hobgoblin.
The hobgoblin hits you but does no damage.
You hit the hobgoblin but do no damage.
The hobgoblin hits you but does no damage.
Setting a skill training target for Throwing at 8.0.
You closely miss the hobgoblin.
The hobgoblin hits you but does no damage.
You are too injured to fight recklessly!
You are too injured to fight recklessly!
Casting: Sandblast (safe; 95% risk of failure)
Confirm with . or Enter, or press ? or * to list all spells.
Aiming: Sandblast (safe; 95% risk of failure)
Press: ? - help, Shift-Dir - straight line, f/p - hobgoblin
Aim: a hobgoblin (82% to hit)
You miscast Sandblast.
You are lightly contaminated with residual magic.
Nothing appears to happen.
The hobgoblin hits you but does no damage.
You hit the hobgoblin but do no damage.
The hobgoblin hits you but does no damage.
The hobgoblin hits you but does no damage.
The hobgoblin attacks as you move away! The hobgoblin hits you.
* * * LOW HITPOINT WARNING * * *
A hobgoblin comes into view.
Found a faded altar of an unknown god.
The hobgoblin shouts!
The hobgoblin attacks as you move away! The hobgoblin hits you.
You die...
PP#...#P♣♣PPP #...# P♣#...#P.♣PPP #...# P♣#...#PPPPPP ##.## PP#.<.#.PPPPP #..####### PP#...#PPPPPP

#.........
P♣#...#♣.P♣P.
#.........
PP#...#P.P.P.
#.$######.
♣P#...#PP.P♣P
#g.#
.♣#...#.PPP.P
#@.# P
#...#PP♣PPP
#.....8.. P
#...#♣♣P♣.♣
#....8_8. #
#...# ####
#.....8.. #
#..##
#.....g..
###.##
#...###..
.†..# #...#
##
###........
#...#
#..######


You could see 2 hobgoblins.

Vanquished Creatures
  2 bats (D:1)
  A goblin (D:1)
  A ball python (D:1)
  A frilled lizard (D:1)
  A rat (D:1)
6 creatures vanquished.

Notes
Turn   | Place    | Note
-------+----------+-------------------------------------------
     0 | D:1      | fireball365 the Demigod Earth Elementalist began the quest
                  | for the Orb.
     0 | D:1      | Reached XP level 1. HP: 14/14 MP: 5/5
   338 | D:1      | Slain by a hobgoblin

Illustrated notes

Levels and vault maps discovered:
D:1:      minmay_arrival_arboretum_large, layout_basic, serial_shops,
          nicolae_shop_hallway_stairs, chequers_ecumenical_altar_simple

Skill      XL: |  1 |
---------------+----+-----
Spellcasting   | 2 |  2.0
Dodging        | |  1.7
Stealth        | |  1.7
Transmutations | |  0.8
Earth Magic    | |  2.9

Action                   || total
-------------------------++-------
Melee: Unarmed           ||    11
       Punch             ||     1
 Cast: Sandblast         ||     6
  Use: Scroll            ||     1
       Potion            ||     1
Armor: Chain mail        ||    20
       Robe              ||     4
Dodge: Dodged            ||     5
